 Dungeon Crawl Stone Soup version 0.25-a0-523-g9afb2ee040 (webtiles) character file.

Game seed: 14713204577575104999, levelgen mode: classic

179399 EnegeticOcto the Pandemonic (level 17, 0/165 HPs)
             Began as a Deep Dwarf Fighter on Feb 18, 2020.
             Was a High Priest of Makhleb.
             Slain by an emperor scorpion (9 damage)
             ... on level 4 of the Spider Nest.
             The game lasted 00:18:52 (15107 turns).

EnegeticOcto the Pandemonic (Deep Dwarf Fighter)   Turns: 15107, Time: 00:18:52

Health: 0/165      AC: 26    Str: 27 (28) XL:     17   Next: 0%
Magic:  0/19 (10)  EV: 12    Int: 10      God:    Makhleb [*****.]
Gold:   1717       SH: 13    Dex:  9      Spells: 16/16 levels left

rFire    + . .     SeeInvis +   a - +5 broad axe (elec)
rCold    + . .     Gourm    .   c - +0 kite shield
rNeg     + . .     Faith    .   b - +5 plate armour {rF+}
rPois    +         Spirit   .   d - +1 helmet
rElec    .         Reflect  .   x - +0 cloak
rCorr    .         Harm     .   D - +0 pair of gloves of the Fiend {SInv}
MR       +++..     Clarity  +   (no boots)
Stlth    ..........             (no amulet)
HPRegen  0.00/turn              K - ring "Qyur" {rPois MR+ MP+9 Str+2 Dex-3}
MPRegen  0.16/turn              r - ring of protection from cold

@: non-regenerating
A: damage resistance, heal wounds, hooves 1, clarity, negative energy resistance
1, sense surroundings 2, no regeneration
}: 2/15 runes: barnacled, abyssal
a: Heal Wounds, Minor Destruction, Lesser Servant of Makhleb, Major Destruction,
Greater Servant of Makhleb, Renounce Religion


You were on level 4 of the Spider Nest.
You worshipped Makhleb.
Makhleb was extremely pleased with you.
You were not hungry.

You visited 5 branches of the dungeon, and saw 28 of its levels.
You visited the Abyss 1 time.
You also visited: Volcano.

You collected 2631 gold pieces.
You spent 914 gold pieces at shops.

Inventory:

Hand Weapons
 a - a +5 broad axe of electrocution (weapon)
 s - a +2 broad axe of flaming
Missiles
 v - 2 throwing nets (quivered)
Armour
 b - a +5 plate armour of fire resistance (worn)
 c - a +0 kite shield (worn)
 d - a +1 helmet (worn)
 x - a +0 cloak (worn)
 D - the +0 pair of gloves of the Fiend (worn) {SInv}
   (You acquired it on level 2 of the Shoals)

   It lets you see invisible.
   If you remove this armour, your AC will decrease by 2 (26 -> 24).
 I - the +2 plate armour of Rogeigha {MR+, unknown}
   (You found it on level 4 of the Spider Nest)

   It affects your resistance to hostile enchantments.
   If you switch to wearing this armour, your AC will decrease by 3 (26 -> 23).
Jewellery
 o - an uncursed ring of protection from fire
 r - a ring of protection from cold (right hand)
 C - a cursed -2 ring of protection {unknown}
 K - the ring "Qyur" (left hand) {rPois MR+ MP+9 Str+2 Dex-3}
   (You found it on level 2 of the Spider Nest)

   [ring of magical power]

   It affects your strength (+2).
   It affects your dexterity (-3).
   It protects you from poison.
   It affects your resistance to hostile enchantments.
   It affects your magic capacity (+9).
Wands
 f - a wand of enslavement (11)
 h - a wand of paralysis (6)
 u - a wand of flame (49)
 w - a wand of disintegration (17)
 y - a wand of digging (12) {@V2}
 A - a wand of iceblast (21)
Scrolls
 g - 8 scrolls of teleportation {@r2}
 z - 4 scrolls of fog
 E - 3 scrolls of remove curse {@r6}
 G - 2 scrolls of summoning
Potions
 i - 2 potions of ambrosia
 j - 6 potions of stabbing {@q5}
 k - a potion of might {@q3}
 l - 5 potions of brilliance
 m - 5 potions of heal wounds {@q2}
 n - 2 potions of haste {@q4}
 p - 2 potions of curing {@q1}
 q - 3 potions of mutation
 t - a potion of cancellation
 B - 3 potions of invisibility
 F - 2 potions of lignification {@q7}
 J - a potion of magic {unknown}
Comestibles
 e - 22 rations


   Skills:
 * Level 13.8 Fighting
 * Level 15.9 Axes
 + Level 12.2 Armour
 + Level 11.6 Dodging
 + Level 12.2 Shields
 * Level 17.2 Invocations


You had 16 spell levels left.
You didn't know any spells.
Your spell library contained the following spells:

 Spells                   Type           Power        Failure   Level  Hunger
 Animate Skeleton         Necr           N/A          99%         1    ##.....
 Apportation              Tloc           #.....       99%         1    ##.....
 Corona                   Hex            #......      99%         1    ##.....
 Infusion                 Chrm           #...         99%         1    ##.....
 Summon Small Mammal      Summ           #...         99%         1    ##.....
 Call Imp                 Summ           #.......     99%         2    ###....
 Shroud of Golubria       Chrm/Tloc      #.....       99%         2    ###....
 Song of Slaying          Chrm           #.......     99%         2    ###....
 Call Canine Familiar     Summ           #.......     100%        3    ####...
 Ozocubu's Armour         Chrm/Ice       #.......     100%        3    ####...
 Spectral Weapon          Hex/Chrm       #.......     100%        3    ####...
 Summon Guardian Golem    Hex/Summ       #.......     100%        3    ####...
 Cause Fear               Hex            #.........   100%        4    #####..
 Summon Ice Beast         Ice/Summ       #.......     100%        4    #####..
 Summon Lightning Spire   Summ/Air       #.......     100%        4    #####..
 Silence                  Hex/Air        #.........   100%        5    ######.
 Yara's Violent Unravell  Hex/Tmut       #.........   100%        5    ######.
 Deflect Missiles         Chrm/Air       #.........   100%        6    #######
 Discord                  Hex            #.........   100%        8    #######


Dungeon Overview and Level Annotations

Branches:
Dungeon (15/15) Temple (1/1) D:6 Lair (4/6) D:10 Shoals (4/4) Lair:2 Spider (4/4) Lair:2 Orc (0/2) D:9 Vaults (0/5) D:12 D:13 Depths (0/5) D:15 Volcano (visited)

Altars:
Cheibriados
Elyvilon
Fedhas
Gozag
Hepliaklqana
Kikubaaqudgha
Makhleb
Nemelex Xobeh
Okawaru
Qazlal
Ru
Trog
Wu Jian
Xom
Yredelemnul
Zin

Shops:
D:10 *   D:12 (!   D:15 (!!%

Annotations:
Lair:2 2 transporters, exclusion: 2 oklob plants, p0werm0de's ghost, journeyman DDFi
Spider:2 2 transporters


Innate Abilities, Weirdness & Mutations

You are resistant to damage.
You can heal yourself by infusing magical energy.
You resist negative energy. (rN+)
You passively map the area around you.
You do not regenerate.
You have large cloven feet.
You possess an exceptional clarity of mind.


Message History

You block the ghost moth's attack.
The ghost moth stings you but does no damage.
You hit the emperor scorpion.
Lightning courses through the emperor scorpion!
Your kick misses the emperor scorpion.
The emperor scorpion is severely wounded.
You hit the ghost moth but do no damage.
The demonic crawler hits your green death but does no damage. x3
You block the emperor scorpion's attack.
The emperor scorpion claws you but does no damage. x2
Your orange demon completely misses the redback.
The ghost moth stares at you.
Your smoke demon hits the redback. x2
Your smoke demon hits the redback but does no damage.
The redback completely misses your smoke demon.
Your green death hits the demonic crawler!!
You block the ghost moth's attack.
The ghost moth hits you but does no damage.
The ghost moth stings you but does no damage.
You slash the emperor scorpion! Your kick misses the emperor scorpion.
The emperor scorpion is severely wounded.
You closely miss the ghost moth. The emperor scorpion stings you!!
You are poisoned.
The emperor scorpion poisons you!
The emperor scorpion claws you but does no damage. x2
The demonic crawler hits your green death! x2
Your green death dies!
Your orange demon stings the redback from afar!
The redback dies!
Makhleb accepts your kill.
Your smoke demon gestures at the emperor scorpion.
The ball of steam hits the emperor scorpion but does no damage.
The ball of steam hits the ghost moth!!
The ball of steam hits the demonic crawler!
The demonic crawler resists.
The emperor scorpion stings your smoke demon!!!
Your smoke demon dies!
The demonic crawler gives a hideous shriek!
You are too injured to fight recklessly!
You are too injured to fight recklessly!
You are too injured to fight recklessly!
You are too injured to fight recklessly!
You are too injured to fight recklessly!
You are too injured to fight recklessly!
You are too injured to fight recklessly!
You are too injured to fight recklessly!
You feel better.
The ghost moth is engulfed in a cloud of scalding steam.
You block the ghost moth's attack. The ghost moth misses you.
The ghost moth stings you!
Your orange demon stings the emperor scorpion but does no damage.
Your orange demon hits the emperor scorpion but does no damage.
The emperor scorpion is engulfed in a cloud of scalding steam.
The emperor scorpion stings your orange demon!!
The emperor scorpion closely misses your orange demon.
The emperor scorpion claws your orange demon!
The ghost moth is engulfed in a cloud of scalding steam.
The ghost moth stares at you.
You feel your power leaking away. The ghost moth hits you!
* * * LOW HITPOINT WARNING * * *
The ghost moth hits you!
* * * LOW HITPOINT WARNING * * *
The ghost moth stings you but does no damage.
You block the demonic crawler's attack.
The demonic crawler hits you but does no damage. x2
You slice the emperor scorpion!!
Lightning courses through the emperor scorpion!
The emperor scorpion is almost dead.
You hit the demonic crawler. You slash the demonic crawler!
You kill the demonic crawler!
Makhleb accepts your kill.
You barely miss the ghost moth.
You block the emperor scorpion's attack. x3
An emperor scorpion comes into view.
Your orange demon stings the emperor scorpion.
The emperor scorpion looks as sick as possible!
Your orange demon poisons the emperor scorpion!
Your orange demon hits the emperor scorpion but does no damage.
The ghost moth is engulfed in a cloud of scalding steam.
The ghost moth stares at you.
The ghost moth hits you but does no damage.
The ghost moth barely misses you.
The ghost moth stings you but does no damage.
The demonic crawler hits you but does no damage. x2
You block the demonic crawler's attack.
A demon appears!
The emperor scorpion stings you.
* * * LOW HITPOINT WARNING * * *
The emperor scorpion misses you. The emperor scorpion claws you!
* * * LOW HITPOINT WARNING * * *
The ghost moth stares at you. x2
Your orange demon stings the emperor scorpion but does no damage.
Your orange demon closely misses the emperor scorpion.
You block the demonic crawler's attack.
The demonic crawler hits you but does no damage.
The demonic crawler hits you. The emperor scorpion stings you!!
* * * LOW HITPOINT WARNING * * *
The emperor scorpion claws you but does no damage.
The emperor scorpion claws you!
You die...

* * * * * ##.####^..#. ## ,
#.#...^#...##.... * *
##^^.........#.... * , *
##≈^..#....(.......
###^................ ,*, ^
.≈........^..^...#.. , *
..#..^.^...†#^..... , *
####.#..#...4@y3..... ,, ,,*
#.≈.....†††≈ss§§≈≈≈≈≈, *
#^≈#.#^#≈≈≈≈≈y^≈≈≈≈≈≈ *^
#≈.^.#†≈≈≈≈≈≈≈.≈≈≈≈≈≈≈≈... ^#
###...≈≈≈≈≈≈###^###≈≈≈≈≈.≈≈#≈#
#....##≈≈≈≈## .≈^ #≈≈≈≈.^#○.#
#...^.#†≈≈##, .s.≈ #≈≈≈...○°*
#.≈....†≈≈#^^ ...# #≈≈≈...○###
#.#.^^.≈≈≈# #≈≈≈.....#.


You could see 2 emperor scorpions, 2 ghost moths, a demonic crawler, a friendly
orange demon and a friendly smoke demon.

Vanquished Creatures
  A Hell Sentinel (Abyss:3)
  Rupert (D:12)
  A tentacled starspawn (Abyss:3)
  2 ghost moths (Spider:2)
  A balrug (Abyss:3)
  3 emperor scorpions (Spider:4)
  2 ophanim (Abyss:3)
  An entropy weaver (Spider:1)
  A spark wasp (Spider:4)
  3 merfolk javelineers
  2 merfolk impalers (Shoals:4)
  Harold (D:7)
  A hydra (Lair:3)
  A rakshasa (D:14)
  4 centaur warriors
  2 death knights
  A merfolk avatar (Shoals:4)
  2 catoblepae (D:14)
  An ogre mage (D:15)
  Erica (Lair:1)
  2 dancing weapons
  7 two-headed ogres
  A satyr (Shoals:4)
  2 tengu warriors
  4 thrashing horrors
  Urug (D:13)
  A wretched star (Abyss:2)
  Sonja (Lair:2)
  A sun demon (Abyss:3)
  A skeletal warrior (D:14)
  2 cherubim (Abyss:3)
  A sixfirhy (Abyss:2)
  5 unseen horrors
  5 wizards (Volcano)
  11 harpies
  A wolf spider zombie (D:14)
  An orc knight (D:15)
  A necromancer (Abyss:2)
  18 orb spiders
  6 ugly things
  20 wolf spiders
  5 cyclopes
  2 moths of wrath (Spider:1)
  5 toenail golems (Volcano)
  5 manticores
  A faun (Shoals:4)
  A worldbinder (Abyss:2)
  A salamander (D:15)
  A black mamba (Lair:3)
  An orange demon (Abyss:2)
  4 merfolk sirens
  Joseph (D:7)
  2 centaur zombies
  A smoke demon (Abyss:3)
  2 torpor snails
  3 water nymphs
  Maggie (D:6)
  7 spiny frogs
  2 efreet (D:14)
  2 komodo dragons
  2 freezing wraiths
  4 ancient zymes
  5 demonic crawlers
  A hydra zombie (Abyss:2)
  2 polar bears (D:8)
  2 tengu conjurers
  A harpy zombie (Abyss:2)
  34 jumping spiders
  A wind drake (shapeshifter) (D:15)
  5 merfolk
  3 hornets
  4 raiju
  A hydra skeleton (Abyss:2)
  A wind drake (Shoals:2)
  6 dream sheep
  Grinder (D:5)
  A snapping turtle (Shoals:4)
  10 hippogriffs
  An ice dragon skeleton (Abyss:2)
  2 shadows
  50 redbacks
  4 water elementals
  An air elemental (Abyss:2)
  2 wraiths (D:14)
  24 tarantellas
  2 wyverns
  A ynoxinul (Abyss:2)
  30 yaks
  14 humans
  2 hungry ghosts (D:9)
  7 vampire mosquitoes
  2 steam dragons
  A neqoxec (Abyss:2)
  4 wargs
  A water moccasin (shapeshifter) (D:15)
  6 large abominations
  4 small abominations
  An acid dragon (D:14)
  Duvessa (D:4)
  A water moccasin (Lair:1)
  2 porcupines (Lair:2)
  6 hell hounds
  12 orc warriors
  4 sky beasts
  7 ice beasts
  2 black bears
  2 necrophages
  32 wolves
  5 phantoms
  2 eyes of draining (Abyss:2)
  A snapping turtle skeleton (Abyss:2)
  5 ogres
  10 centaurs
  5 crocodiles
  5 big kobolds
  12 bullfrogs
  Dowan (D:4)
  A wyvern skeleton (D:9)
  6 scorpions
  8 killer bees (D:8)
  2 howler monkeys
  2 electric eels
  4 bullfrog zombies
  6 crimson imps
  5 starcursed masses (Abyss:3)
  5 hounds
  3 centaur skeletons
  5 jellies
  2 quasits
  Crazy Yiuf (D:6)
  2 bullfrog skeletons
  12 orc priests
  2 iguanas
  An iron imp (Abyss:3)
  Ijyb (D:3)
  17 orc wizards
  8 worker ants
  A killer bee zombie (D:9)
  2 worker ant zombies
  7 gnolls
  10 adders
  A howler monkey skeleton (D:7)
  A hound simulacrum (D:8)
  3 shadow imps
  5 white imps
  3 ufetubi
  An adder skeleton (D:7)
  A worm (D:3)
  A dart slug (D:4)
  An adder simulacrum (D:8)
  3 leopard geckos
  55 orcs
  A ball python (D:4)
  2 bats
  2 giant cockroaches
  3 goblins
  5 hobgoblins
  15 jackals
  19 kobolds
  5 quokkas
  A ball python skeleton (D:6)
  4 frilled lizards
  A leopard gecko skeleton (D:4)
  A leopard gecko zombie (D:7)
  3 quokka skeletons
  A rat (D:3)
  3 plants (Shoals:2)
  2 starspawn tentacles (Abyss:3)
785 creatures vanquished.

Vanquished Creatures (collateral kills)
  A juggernaut (Abyss:3)
  Ilsuiw (Shoals:2)
  Roxanne (D:15)
  An angel (Abyss:3)
  A merfolk impaler (Shoals:4)
  A merfolk aquamancer (Shoals:4)
  A sun demon (Abyss:3)
  A sea snake (Shoals:2)
  A spatial maelstrom (Abyss:3)
  A harpy (Shoals:1)
  7 wolf spiders
  4 orb spiders
  2 fauns (Shoals:4)
  3 moths of wrath
  A torpor snail (Spider:4)
  2 merfolk sirens
  A demonic crawler (Spider:4)
  7 jumping spiders
  A merfolk (Shoals:4)
  3 raiju
  A wind drake (Shoals:1)
  A dream sheep (Shoals:4)
  13 redbacks
  3 tarantellas
  A water elemental (Shoals:4)
  2 humans
  A spatial vortex (Abyss:3)
  A centaur (D:12)
  A plant (Shoals:2)
65 creatures vanquished.

Vanquished Creatures (others)
  A cyclops (D:14)
  2 jumping spiders
  An ice beast (D:12)
  A kobold (D:12)
  4 plants
  2 starspawn tentacles (Abyss:3)
11 creatures vanquished.

Grand Total: 861 creatures vanquished

Notes
Turn   | Place    | Note
-------+----------+-------------------------------------------
     0 | D:1      | EnegeticOcto the Deep Dwarf Fighter began the quest for the
                  | Orb.
     0 | D:1      | Reached XP level 1. HP: 20/20 MP: 1/1
   249 | D:2      | Reached XP level 2. HP: 22/27 MP: 2/2
   257 | D:3      | Noticed Ijyb
   262 | D:3      | Paralysed by Ijyb for 2 turns
   278 | D:3      | Paralysed by Ijyb for 2 turns
   282 | D:3      | Killed Ijyb
   282 | D:3      | Reached skill level 1 in Dodging
   282 | D:3      | Reached XP level 3. HP: 18/34 MP: 3/3
   433 | D:4      | Found a sacrificial altar of Ru.
   441 | D:4      | Noticed a phantom
   442 | D:4      | Noticed a scorpion
   454 | D:4      | Killed a scorpion
   454 | D:4      | Reached XP level 4. HP: 31/42 MP: 4/4
   472 | D:4      | Noticed a phantom
   491 | D:4      | Killed a phantom
   491 | D:4      | Reached XP level 5. HP: 43/50 MP: 5/5
   492 | D:4      | Killed a phantom
   492 | D:4      | Reached XP level 6. HP: 50/57 MP: 6/6
   569 | D:4      | Noticed Duvessa
   570 | D:4      | Noticed Dowan
   582 | D:4      | Killed Duvessa
   601 | D:4      | Killed Dowan
   637 | D:4      | Reached XP level 7. HP: 46/66 MP: 7/7
   871 | D:4      | Reached skill level 5 in Axes
  1678 | D:5      | Entered Level 5 of the Dungeon
  1956 | D:5      | Noticed Grinder
  1963 | D:5      | Paralysed by Grinder for 5 turns
  1972 | D:5      | Killed Grinder
  1972 | D:5      | Reached skill level 5 in Fighting
  1972 | D:5      | Reached skill level 5 in Shields
  2097 | D:6      | Found a blossoming altar of Fedhas.
  2106 | D:6      | Reached skill level 5 in Armour
  2124 | D:6      | Reached XP level 8. HP: 51/74 MP: 7/7
  2145 | D:6      | Found a staircase to the Ecumenical Temple.
  2145 | D:6      | Noticed Maggie
  2171 | D:6      | Killed Maggie
  2191 | Temple   | Entered the Ecumenical Temple
  2240 | Temple   | Became a worshipper of Makhleb the Destroyer
  2329 | D:6      | Reached skill level 1 in Invocations
  2430 | D:6      | Reached skill level 2 in Invocations
  2541 | D:6      | Found a runed translucent door.
  2542 | D:6      | Noticed Crazy Yiuf
  2833 | D:6      | Reached skill level 3 in Invocations
  2863 | D:6      | Gained mutation: You passively map the area around you.
                  | [Deep Dwarf growth]
  2863 | D:6      | Reached XP level 9. HP: 60/82 MP: 10/10
  3137 | D:6      | Killed Crazy Yiuf
  3375 | D:7      | Noticed Harold
  3375 | D:7      | Noticed Joseph
  3377 | D:7      | Reached * piety under Makhleb
  3393 | D:7      | Killed Joseph
  3393 | D:7      | Reached skill level 4 in Invocations
  3410 | D:7      | Killed Harold
  3410 | D:7      | Reached skill level 5 in Dodging
  3410 | D:7      | Reached skill level 5 in Invocations
  3493 | D:7      | Noticed a death knight
  3521 | D:7      | Killed a death knight
  3521 | D:7      | Reached skill level 6 in Invocations
  3521 | D:7      | Reached XP level 10. HP: 69/94 MP: 9/9
  3558 | D:7      | Gained mutation: You possess an exceptional clarity of
                  | mind. [potion of mutation]
  3558 | D:7      | Gained mutation: You have large cloven feet. [potion of
                  | mutation]
  4007 | D:8      | Killed an unseen horror
  4007 | D:8      | Reached ** piety under Makhleb
  4108 | D:8      | Reached skill level 7 in Invocations
  4576 | D:8      | Found a bloodstained altar of Trog.
  4579 | D:8      | Found a hazy altar of Hepliaklqana.
  4581 | D:8      | Found a glowing silver altar of Zin.
  4602 | D:8      | Reached *** piety under Makhleb
  4897 | D:9      | Reached skill level 8 in Invocations
  4951 | D:9      | Found a staircase to the Orcish Mines.
  5069 | D:9      | Reached **** piety under Makhleb
  5069 | D:9      | Reached XP level 11. HP: 83/103 MP: 7/7
  5276 | D:9      | You fall into a shaft and drop 2 floors!
  5363 | D:11     | Killed an unseen horror
  5489 | D:10     | Entered Level 10 of the Dungeon
  5495 | D:10     | Found a staircase to the Lair.
  5553 | D:10     | Found Siarel's Island Escapes.
  5578 | D:10     | Noticed a two-headed ogre
  5584 | D:10     | Killed a two-headed ogre
  5584 | D:10     | Reached skill level 10 in Axes
  5584 | D:10     | Reached skill level 9 in Invocations
  5716 | D:10     | Got a polished scale mail
  5727 | D:10     | Identified the +9 scale mail of Dehaxext {Str-4 Int+3} (You
                  | found it on level 10 of the Dungeon)
  6379 | D:11     | Killed an unseen horror
  6641 | D:11     | Reached ***** piety under Makhleb
  6758 | D:12     | Killed an unseen horror
  6783 | D:12     | Found Xogeg's Distillery.
  6792 | D:12     | Bought a potion of invisibility for 128 gold pieces
  6792 | D:12     | Bought a potion of berserk rage for 80 gold pieces
  6914 | D:12     | Reached skill level 10 in Invocations
  7094 | D:12     | Found Qiemuphi's Antique Weapon Shoppe.
  7197 | D:12     | Found a blossoming altar of Fedhas.
  7244 | D:13     | Found a gate to the Vaults.
  7244 | D:13     | Noticed Rupert
  7244 | D:13     | Noticed Urug
  7244 | D:13     | Noticed a brown ugly thing
  7244 | D:13     | Noticed a centaur warrior
  7257 | D:12     | Reached XP level 12. HP: 114/114 MP: 9/9
  7270 | D:12     | Killed Rupert
  7322 | D:13     | Killed a centaur warrior
  7324 | D:13     | Reached skill level 11 in Invocations
  7340 | D:13     | Killed Urug
  7514 | D:13     | Reached skill level 10 in Fighting
  7593 | D:13     | Noticed a tengu warrior
  7604 | D:13     | Killed a tengu warrior
  8046 | D:10     | Bought a potion of haste for 130 gold pieces
  8046 | D:10     | Bought a potion of invisibility for 104 gold pieces
  8088 | D:14     | Noticed a catoblepas
  8101 | D:14     | Killed a catoblepas
  8108 | D:14     | Noticed a rakshasa
  8123 | D:14     | Killed a rakshasa
  8269 | D:14     | Noticed a two-headed ogre
  8277 | D:14     | Killed a two-headed ogre
  8277 | D:14     | Reached XP level 13. HP: 103/124 MP: 11/11
  8288 | D:14     | Reached skill level 12 in Invocations
  8922 | D:15     | Entered Level 15 of the Dungeon
  8946 | D:15     | Noticed Roxanne
  9295 | D:15     | Found Faluade's Distillery.
  9316 | D:15     | Reached skill level 13 in Invocations
  9322 | D:15     | Bought a potion of cancellation for 104 gold pieces
  9338 | D:15     | Reached ****** piety under Makhleb
  9399 | D:15     | Found Taufuxeo's Distillery.
  9406 | D:15     | Bought a potion of berserk rage for 80 gold pieces
  9406 | D:15     | Bought a potion of heal wounds for 80 gold pieces
  9406 | D:15     | Bought a potion of heal wounds for 80 gold pieces
  9406 | D:15     | Bought a potion of mutation for 128 gold pieces
  9466 | D:15     | Found Jutiwa's Antique Weapon Boutique.
  9521 | D:15     | Reached skill level 10 in Shields
  9544 | D:15     | Found Resmiatu's Food Boutique.
 10106 | D:15     | Killed Roxanne
 10106 | D:15     | Reached skill level 10 in Armour
 10106 | D:15     | Gained mutation: You resist negative energy. (rN+) [Deep
                  | Dwarf growth]
 10106 | D:15     | Reached XP level 14. HP: 66/135 MP: 14/14
 10174 | D:15     | Found a staircase to the Depths.
 10279 | Lair:1   | Entered Level 1 of the Lair of Beasts
 10352 | Lair:1   | Noticed Erica
 10359 | Lair:1   | Killed Erica
 10424 | Lair:2   | Noticed Sonja
 10447 | Lair:2   | Cast into level 1 of the Abyss (Sonja)
 10447 | Abyss:1  | Found a corrupted altar of Lugonu.
 10636 | Abyss:2  | Reached skill level 14 in Invocations
 10734 | Abyss:2  | Found a burning altar of Makhleb.
 10881 | Abyss:2  | Noticed a bone dragon
 10895 | Abyss:2  | HP: 4/136 [sixfirhy (8)]
 10916 | Abyss:3  | Noticed an angel
 10941 | Abyss:3  | Killed an angel
 10948 | Abyss:3  | Found a glowing golden altar of the Shining One.
 10949 | Abyss:3  | Noticed an ophan
 10949 | Abyss:3  | Noticed an ophan
 10956 | Abyss:3  | Killed an ophan
 10968 | Abyss:3  | Killed an ophan
 11030 | Abyss:3  | Noticed a juggernaut
 11033 | Abyss:3  | Noticed a cacodemon
 11042 | Abyss:3  | Killed a juggernaut
 11042 | Abyss:3  | Reached skill level 10 in Dodging
 11054 | Abyss:3  | Got an abyssal rune of Zot
 11090 | Abyss:3  | Noticed a starcursed mass
 11108 | Abyss:3  | Found an opulent altar of Gozag.
 11122 | Abyss:3  | Found a hide-covered altar of Uskayaw.
 11134 | Abyss:3  | Noticed a tentacled starspawn
 11142 | Abyss:3  | Killed a tentacled starspawn
 11156 | Abyss:3  | Noticed a balrug
 11167 | Abyss:3  | Killed a balrug
 11167 | Abyss:3  | Reached XP level 15. HP: 107/144 MP: 13/13
 11167 | Abyss:3  | Noticed a profane servitor
 11272 | Abyss:3  | Noticed a Hell Sentinel
 11299 | Abyss:3  | Killed a Hell Sentinel
 11324 | Lair:2   | Escaped the Abyss
 11326 | Lair:2   | Killed Sonja
 11509 | Lair:2   | Found a hole to the Spider Nest.
 11513 | Lair:2   | Reached skill level 15 in Invocations
 11534 | Lair:2   | Found a transporter.
 11538 | Lair:2   | Found a transporter.
 11541 | Lair:2   | Noticed p0werm0de's ghost (journeyman DDFi)
 11711 | Lair:2   | Found a staircase to the Shoals.
 12586 | Lair:3   | Found a dark tunnel.
 12592 | Volcano  | Entered a volcano
 13019 | Lair:3   | Identified a scroll of acquirement
 13197 | Shoals:1 | Entered Level 1 of the Shoals
 13263 | Shoals:2 | Noticed Ilsuiw
 13298 | Shoals:2 | Identified the +0 pair of gloves of the Fiend {SInv} (You
                  | acquired it on level 2 of the Shoals)
 13330 | Shoals:2 | Killed Ilsuiw
 13412 | Shoals:4 | Entered Level 4 of the Shoals
 13540 | Shoals:4 | Reached skill level 16 in Invocations
 13562 | Shoals:4 | Got a barnacled rune of Zot
 13658 | Spider:1 | Entered Level 1 of the Spider Nest
 13672 | Spider:1 | Reached XP level 16. HP: 117/156 MP: 9/9
 13675 | Spider:1 | Reached skill level 15 in Axes
 13832 | Spider:2 | Found a transporter.
 13832 | Spider:2 | Found a transporter.
 14024 | Spider:2 | Found a transporter.
 14027 | Spider:2 | Found a transporter.
 14048 | Spider:2 | Found a transporter.
 14184 | Spider:2 | Got a smoking copper ring
 14312 | Spider:3 | Identified the ring "Qyur" {rPois MR+ MP+9 Str+2 Dex-3}
                  | (You found it on level 2 of the Spider Nest)
 14579 | Spider:4 | Entered Level 4 of the Spider Nest
 14746 | Spider:4 | Got a scorched plate armour
 14785 | Spider:4 | Reached skill level 17 in Invocations
 15101 | Spider:4 | Reached XP level 17. HP: 78/165 MP: 0/10
 15107 | Spider:4 | Slain by an emperor scorpion

Levels and vault maps discovered:
D:1:      eino_arrival_druids_welcome, layout_basic, st_stairs_14
D:2:      layout_loops_ring, vehumet_crystals, hangedman_decor_push,
          serial_bayou_lake_a
D:3:      layout_loops_ring, amethyst_overflow_temple_binary,
          chequers_ecumenical_altar_twisty, ebering_ghost_reflecting_pool,
          first_ration, uniq_terence, uniq_ijyb
D:4:      layout_layer_cave, kennysheep_mini_moat,
          minmay_fractal_squares_diagonal_5, uniq_duvessa
D:5:      layout_rooms, uniq_grinder
D:6:      layout_basic, old_standard_altar, temple_green, uniq_maggie,
          uniq_crazy_yiuf_cottage
D:7:      hangedman_cross_stitches, layout_loops_ring,
          chequers_serial_rivers_small_a, uniq_joseph, uniq_harold
D:8:      layout_basic, minitemple, serial_ice, serial_ice_l, serial_ice_e,
          serial_ice_m, serial_ice_f, blue_anna_alchemist
          [blue_anna_fruit_fields, blue_anna_fruit_fields],
          minmay_misc_feat_pillars
D:9:      layout_roguey, erik_orc_3, minivault_26
D:10:     layout_rooms, erik_lair_orcish_takeover, minivault_16,
          nicolae_island_escapes
D:11:     layout_roguey
D:12:     lemuel_flame_loot_2, layout_basic, serial_shops, shop, shop,
          fedhas_bush_and_centaur_altar
D:13:     layout_loops_ring, david_vaults_3
D:14:     layout_long_grid, serial_bayou, serial_bayou_shore_b,
          serial_bayou_shore_b, serial_bayou_shore_b, serial_bayou_pond_c,
          minmay_tree_intersection, hangedman_decor_clover_reticule
D:15:     hangedman_depths_entry_try_elsewhere_first, layout_stronghold,
          grunt_decor_cap, serial_shops, shop, nicolae_shop_waterfront,
          nicolae_shop_waterfront, shop, uniq_roxanne
Temple:   jpeg_temple_clearing
Lair:1:   layout_gridlike, grunt_forest_large_clearings, lemuel_fruit_tree,
          grunt_megastairs_2, uniq_erica
Lair:2:   layout_regular_city, elwin_shoals_entry_rocks,
          spider_nest_entry_funnel_web, gammafunk_ghost_arena,
          serial_bayou_shore_b, minmay_lair_oklob_chamber, grunt_megastairs_3,
          infiniplex_staircase_pool_2, uniq_sonja
Lair:3:   layout_roguey, enter_volcano_3, serial_bayou_lagoon_b
Lair:4:   layout_gridlike
Shoals:1: layout_shoals, nicolae_shoals_loop_pool
Shoals:2: layout_shoals, nicolae_shoals_undead_eyrie, uniq_jorgrun,
          uniq_polyphemus, uniq_kirke, uniq_ilsuiw
Shoals:3: layout_shoals
Shoals:4: shoals_end_hangedman, layout_shoals
Spider:1: lemuel_spider_zombies
Spider:2: gammafunk_the_bubble [the_bubble_gammafunk_roulette],
          hangedman_spider_tarantella_strand
Spider:3: nicolae_spider_mines_1
Spider:4: grunt_spider_rune_island

Skill      XL: |  1  2  3  4  5  6  7  8  9 10 11 12 13 14 15 16 |
---------------+-------------------------------------------------+-----
Fighting       | 3 4 5 6 7 8 9 10 11 12 13 | 13.8
Dodging        | 1 2 3 4 5 6 7 8 9 10 11 | 11.6
Axes           | 3 4 5 7 8 9 10 11 12 14 15 | 15.9
Armour         | 4 5 6 7 8 9 10 11 12 | 12.2
Shields        | 4 5 6 7 8 9 10 11 12 | 12.2
Invocations    | 3 6 8 10 11 13 14 16 17 | 17.2

Action                   |  1- 3 |  4- 6 |  7- 9 | 10-12 | 13-15 | 16-18 || total
-------------------------+-------+-------+-------+-------+-------+-------++-------
Melee: War axe           |    80 |    58 |   201 |    32 |       |       ||   371
       Broad axe         |       |       |    46 |   612 |   990 |   490 ||  2138
       Kick              |       |       |       |   182 |   312 |   150 ||   644
Throw: Throwing net      |       |       |       |       |     1 |       ||     1
Invok: Lesser Servant of |       |       |       |     3 |    18 |    12 ||    33
       Greater Servant o |       |       |       |       |     5 |     9 ||    14
 Abil: Heal Wounds       |     2 |     3 |    23 |    16 |    34 |     1 ||    79
Evoke: Wand              |       |       |       |       |    13 |       ||    13
  Use: Potion            |       |       |     1 |     3 |     4 |     6 ||    14
       Scroll            |       |       |       |    23 |    11 |     4 ||    38
 Stab: Sleeping          |       |       |     1 |       |       |       ||     1
       Distracted        |       |       |       |       |     7 |     7 ||    14
       Held in net/web   |       |       |       |       |     1 |     2 ||     3
       Invisible         |       |       |       |       |       |    18 ||    18
  Eat: Chunk             |       |       |     6 |    17 |    10 |     4 ||    37
       Ration            |       |       |     1 |     1 |     3 |       ||     5
Armor: Scale mail        |    44 |    23 |    24 |   188 |   474 |       ||   753
       Steam dragon scal |       |       |    59 |     2 |       |       ||    61
       Plate armour      |       |       |       |   269 |   117 |   368 ||   754
Dodge: Dodged            |    33 |    20 |   114 |   307 |   685 |   295 ||  1454
Block: Kite shield       |    51 |    35 |   152 |   468 |   742 |   396 ||  1844

Table legend:
 A = Non-vault XP
 B = Vault XP
 C = Vault XP percentage of total XP
 D = Non-vault monster count
 E = Vault monster count
 F = Vault count percentage of total count
                 A         B        C        D         E       F
            +---------+---------+-------+---------+---------+-------
      Total |  144422 |   71863 |  33.2 |     622 |     224 |  26.5
            +---------+---------+-------+---------+---------+-------
        D:1 |       2 |       0 |   0.0 |       1 |       0 |   0.0
        D:2 |      16 |       0 |   0.0 |       3 |       0 |   0.0
        D:3 |      31 |      36 |  53.7 |      13 |       1 |   7.1
        D:4 |     295 |     522 |  63.9 |      11 |       9 |  45.0
        D:5 |      61 |     267 |  81.4 |       5 |       1 |  16.7
        D:6 |    1242 |     445 |  26.4 |      27 |       2 |   6.9
        D:7 |     704 |    2783 |  79.8 |      22 |      11 |  33.3
        D:8 |    2111 |    1233 |  36.9 |      36 |      14 |  28.0
        D:9 |    1857 |     460 |  19.9 |      50 |      18 |  26.5
       D:10 |    1267 |     635 |  33.4 |       7 |       9 |  56.2
       D:11 |    4651 |       0 |   0.0 |      34 |       0 |   0.0
       D:12 |    2558 |    3407 |  57.1 |      20 |       6 |  23.1
       D:13 |    5616 |    4645 |  45.3 |      34 |      15 |  30.6
       D:14 |   11776 |       0 |   0.0 |      30 |       0 |   0.0
       D:15 |   17030 |    2637 |  13.4 |      45 |       5 |  10.0
     Lair:1 |     544 |    4535 |  89.3 |       2 |      32 |  94.1
     Lair:2 |    3276 |    3392 |  50.9 |      12 |      13 |  52.0
     Lair:3 |    2741 |     293 |   9.7 |       9 |       2 |  18.2
     Lair:4 |    1220 |       0 |   0.0 |       6 |       0 |   0.0
   Shoals:1 |    6766 |       0 |   0.0 |      13 |       0 |   0.0
   Shoals:2 |     834 |    3878 |  82.3 |       2 |       6 |  75.0
   Shoals:3 |    2378 |       0 |   0.0 |       7 |       0 |   0.0
   Shoals:4 |    6760 |    9324 |  58.0 |      21 |      12 |  36.4
   Spider:1 |   12648 |       0 |   0.0 |      44 |       0 |   0.0
   Spider:2 |   13057 |    6719 |  34.0 |      40 |      18 |  31.0
   Spider:3 |    6438 |       0 |   0.0 |      24 |       0 |   0.0
   Spider:4 |   15302 |   10081 |  39.7 |      42 |      32 |  43.2
    Abyss:2 |    9984 |       0 |   0.0 |      36 |       0 |   0.0
    Abyss:3 |   13257 |    9959 |  42.9 |      26 |       7 |  21.2
    Volcano |       0 |    6612 | 100.0 |       0 |      11 | 100.0
            +---------+---------+-------+---------+---------+-------
